PCL
REDWOOD CITY REDWOODS @ DISTRICT 9 PRAWNS
06/22/2028
 
TOP OF THE 1ST
Redwood City Redwoods batting - Pitching for District 9 Prawns : LHP Ricardo Vega
Pitching: LHP Ricardo Vega
Batting: RHB Robert Downing 0-0: Ball
1-0: Called Strike
1-1: Swinging Strike
1-2: Ball
2-2: Ball
3-2: Strikes out looking
Batting: RHB David Strickland 0-0: Ground out 2-3 (Groundball, 2L)
Batting: RHB Steve Sampson 0-0: Reached on error, E6 (Groundball, 6)
Batting: LHB Marcos Pérez 0-0: Called Strike
0-1: SINGLE (Groundball, 6MD)
Steve Sampson to second
Batting: LHB Patrick Bright 0-0: Ball
1-0: Ground out 3-1 (Groundball, 34)
Top of the 1st over - 0 run(s), 1 hit(s), 1 error(s), 2 left on base; Redwood City 0 - District 9 0
BOTTOM OF THE 1ST
District 9 Prawns batting - Pitching for Redwood City Redwoods : RHP Nathan Seymour
Pitching: RHP Nathan Seymour
Batting: SHB Félix Montoya 0-0: Foul Ball, location: 2F
0-1: Ball
1-1: Ball
2-1: Foul Ball, location: 2F
2-2: Strikes out swinging
Batting: RHB José Colón 0-0: Ball
1-0: Swinging Strike
1-1: Called Strike
1-2: Fly out, F7 (Flyball, 7S)
Batting: SHB Rick Turner 0-0: Foul Ball, location: 2F
0-1: Fly out, F5 (Flyball, 5D)
Bottom of the 1st over - 0 run(s), 0 hit(s), 0 error(s), 0 left on base; Redwood City 0 - District 9 0
TOP OF THE 2ND
Redwood City Redwoods batting - Pitching for District 9 Prawns : LHP Ricardo Vega
Batting: RHB Anastasio García 0-0: Ball
1-0: SINGLE (Groundball, 4MD)
Batting: LHB José Peralta 0-0: Ball
1-0: Ball
2-0: Ball
3-0: Called Strike
3-1: Called Strike
3-2: Strikes out looking
Batting: RHB Javier Ortíz 0-0: Grounds into double play, 6-4-3 (Groundball, 56)
Top of the 2nd over - 0 run(s), 1 hit(s), 0 error(s), 0 left on base; Redwood City 0 - District 9 0
BOTTOM OF THE 2ND
District 9 Prawns batting - Pitching for Redwood City Redwoods : RHP Nathan Seymour
Batting: LHB Pedro Rodríguez 0-0: Ball
1-0: Called Strike
1-1: Swinging Strike
1-2: Strikes out swinging
Batting: RHB Felipe Jareńo 0-0: Foul Ball, location: 2F
0-1: Ball
1-1: Foul Ball, location: 2F
1-2: Fly out, F9 (Flyball, 9D)
Batting: SHB José Estreito 0-0: Foul Ball, location: 2F
0-1: Called Strike
0-2: Foul Ball, location: 2F
0-2: Ground out U3 (Groundball, 34S)
Bottom of the 2nd over - 0 run(s), 0 hit(s), 0 error(s), 0 left on base; Redwood City 0 - District 9 0
TOP OF THE 3RD
Redwood City Redwoods batting - Pitching for District 9 Prawns : LHP Ricardo Vega
Batting: RHB Jesús Cuevas 0-0: Called Strike
0-1: Called Strike
0-2: Fly out, F4 (Line Drive, 4M)
Batting: RHB Robert Downing 0-0: Called Strike
0-1: Ball
1-1: Called Strike
1-2: Ball
2-2: Ball
3-2: Foul Ball, location: 2F
3-2: Strikes out swinging
Batting: RHB David Strickland 0-0: Fly out, F8 (Flyball, 8RM)
Top of the 3rd over - 0 run(s), 0 hit(s), 0 error(s), 0 left on base; Redwood City 0 - District 9 0
BOTTOM OF THE 3RD
District 9 Prawns batting - Pitching for Redwood City Redwoods : RHP Nathan Seymour
Batting: LHB Donnie Cunningham 0-0: Called Strike
0-1: Ground out 3-1 (Groundball, 34)
Batting: LHB Culley Vaughan 0-0: Ball
1-0: Called Strike
1-1: Called Strike
1-2: Fly out, F6 (Line Drive, 6D)
Batting: RHB Phil Jacobs 0-0: Ball
1-0: Foul Ball, location: 2F
1-1: Called Strike
1-2: Strikes out swinging
Bottom of the 3rd over - 0 run(s), 0 hit(s), 0 error(s), 0 left on base; Redwood City 0 - District 9 0
TOP OF THE 4TH
Redwood City Redwoods batting - Pitching for District 9 Prawns : LHP Ricardo Vega
Batting: RHB Steve Sampson 0-0: Foul Ball, location: 2F
0-1: Foul Ball, location: 2F
0-2: Ball
1-2: Ball
2-2: Ball
3-2: Foul Ball, location: 2F
3-2: Foul Ball, location: 2F
3-2: Fly out, F7 (Flyball, 7)
Batting: LHB Marcos Pérez 0-0: Ground out 4-3 (Groundball, 4)
Batting: LHB Patrick Bright 0-0: Ball
1-0: Foul Ball, location: 2F
1-1: Ball
2-1: Ground out 1-3 (Groundball, 13S)
Top of the 4th over - 0 run(s), 0 hit(s), 0 error(s), 0 left on base; Redwood City 0 - District 9 0
BOTTOM OF THE 4TH
District 9 Prawns batting - Pitching for Redwood City Redwoods : RHP Nathan Seymour
Batting: SHB Félix Montoya 0-0: Ball
1-0: Foul Ball, location: 2F
1-1: Ball
2-1: Ball
3-1: Base on Balls
Batting: RHB José Colón 0-0: Called Strike
0-1: Called Strike
0-2: Ball
1-2: Ball
2-2: Fly out, F8 (Flyball, 8LM)
Batting: SHB Rick Turner 0-0: Ball
1-0: Fly out, F7 (Flyball, 7LS)
Batting: LHB Pedro Rodríguez 0-0: Ball
Félix Montoya steals 2nd base
1-0: Foul Ball, location: 2F
1-1: Called Strike
1-2: Strikes out swinging
Bottom of the 4th over - 0 run(s), 0 hit(s), 0 error(s), 1 left on base; Redwood City 0 - District 9 0
TOP OF THE 5TH
Redwood City Redwoods batting - Pitching for District 9 Prawns : LHP Ricardo Vega
Batting: RHB Anastasio García 0-0: Called Strike
0-1: Ground out 6-3 (Groundball, 6)
Batting: LHB José Peralta 0-0: Swinging Strike
0-1: Foul Ball, location: 2F
0-2: Ball
1-2: Ball
2-2: Foul Ball, location: 2F
2-2: Foul Ball, location: 2F
2-2: Strikes out looking
Batting: RHB Javier Ortíz 0-0: Foul Ball, location: 2F
0-1: Foul Ball, location: 2F
0-2: Ball
1-2: Foul Ball, location: 2F
1-2: Ball
2-2: SINGLE (Groundball, 34D)
Batting: RHB Jesús Cuevas 0-0: Foul Ball, location: 2F
0-1: Ball
1-1: Ball
2-1: Ball
3-1: Foul Ball, location: 2F
3-2: Foul Ball, location: 2F
3-2: Foul Ball, location: 2F
3-2: Foul Ball, location: 2F
3-2: Foul Ball, location: 2F
3-2: Ground out 5-3 (Groundball, 56)
Top of the 5th over - 0 run(s), 1 hit(s), 0 error(s), 1 left on base; Redwood City 0 - District 9 0
BOTTOM OF THE 5TH
District 9 Prawns batting - Pitching for Redwood City Redwoods : RHP Nathan Seymour
Batting: RHB Felipe Jareńo 0-0: Ball
1-0: Foul Ball, location: 2F
1-1: Foul Ball, location: 2F
1-2: Strikes out looking
Batting: SHB José Estreito 0-0: Called Strike
0-1: Foul Ball, location: 2F
0-2: Foul Ball, location: 2F
0-2: Ball
1-2: Ball
2-2: Ball
3-2: Foul Ball, location: 2F
3-2: Ground out 5-3 (Groundball, 56)
Batting: LHB Donnie Cunningham 0-0: Called Strike
0-1: Foul Ball, location: 2F
0-2: Strikes out swinging
Bottom of the 5th over - 0 run(s), 0 hit(s), 0 error(s), 0 left on base; Redwood City 0 - District 9 0
TOP OF THE 6TH
Redwood City Redwoods batting - Pitching for District 9 Prawns : LHP Ricardo Vega
Batting: RHB Robert Downing 0-0: Foul Ball, location: 2F
0-1: Ball
1-1: Fly out, F9 (Line Drive, 9)
Batting: RHB David Strickland 0-0: SINGLE (Groundball, 34D)
Batting: RHB Steve Sampson 0-0: Ball
1-0: Foul Ball, location: 2F
1-1: Ball
2-1: Foul Ball, location: 2F
2-2: Foul Ball, location: 2F
2-2: Ball
3-2: Foul Ball, location: 2F
3-2: DOUBLE (Flyball, 89XD)
David Strickland to third
Batting: LHB Marcos Pérez 0-0: Intentional Walk
Batting: LHB Patrick Bright 0-0: Ball
1-0: Fly out, F7 (Flyball, 78S)
Pitching: RHP Clayton Hawkins
Batting: RHB Anastasio García 0-0: Called Strike
0-1: Ball
1-1: Fly out, F8 (Flyball, 8RM)
Top of the 6th over - 0 run(s), 2 hit(s), 0 error(s), 3 left on base; Redwood City 0 - District 9 0
BOTTOM OF THE 6TH
District 9 Prawns batting - Pitching for Redwood City Redwoods : RHP Nathan Seymour
Batting: LHB Culley Vaughan 0-0: Ball
1-0: Called Strike
1-1: Foul Ball, location: 2F
1-2: SINGLE (Line Drive, 4MD)
Batting: RHB Phil Jacobs 0-0: Ball
1-0: Ball
2-0: Called Strike
2-1: Fielders Choice at 2nd, 1-6 (Groundball, 13S)
Batting: SHB Félix Montoya 0-0: Called Strike
0-1: Ball
1-1: Foul Ball, location: 2F
1-2: Strikes out looking
Batting: RHB José Colón 0-0: Called Strike
0-1: Ball
1-1: Ball
2-1: Foul Ball, location: 2F
2-2: Fly out, F8 (Flyball, 8LXD)
Bottom of the 6th over - 0 run(s), 1 hit(s), 0 error(s), 1 left on base; Redwood City 0 - District 9 0
TOP OF THE 7TH
Redwood City Redwoods batting - Pitching for District 9 Prawns : RHP Clayton Hawkins
Pinch Hitting: LHB Richard Olvera 0-0: Ball
1-0: Called Strike
1-1: SOLO HOME RUN (Flyball, 9LD), Distance : 381 ft
Batting: RHB Javier Ortíz 0-0: Ball
1-0: Foul Ball, location: 2F
1-1: Ball
2-1: Foul Ball, location: 2F
2-2: Ground out 4-3 (Groundball, 4)
Batting: RHB Jesús Cuevas 0-0: Called Strike
0-1: Ball
1-1: Ball
2-1: Foul Ball, location: 2F
2-2: SINGLE (Line Drive, 6MD)
Pinch Hitting: LHB Bill McCraney 0-0: Fly out, F8 (Flyball, 8RD)
Pinch Hitting: LHB Vicente Chávez 0-0: Ball
1-0: Ball
2-0: Called Strike
2-1: Ball
3-1: Called Strike
3-2: Foul Ball, location: 2F
3-2: Ground out 4-3 (Groundball, 4)
Top of the 7th over - 1 run(s), 2 hit(s), 0 error(s), 1 left on base; Redwood City 1 - District 9 0
BOTTOM OF THE 7TH
District 9 Prawns batting - Pitching for Redwood City Redwoods : RHP Nathan Seymour
Now at 2B: Carlos Gonzáles
Now at SS: Chris Hall
Now in RF: Richard Olvera
Batting: SHB Rick Turner 0-0: Swinging Strike
0-1: Ball
1-1: Fly out, F7 (Flyball, 7D)
Batting: LHB Pedro Rodríguez 0-0: Fly out, F8 (Flyball, 8LXD)
Batting: RHB Felipe Jareńo 0-0: Ball
1-0: SOLO HOME RUN (Flyball, 7D), Distance : 389 ft
Pinch Hitting: LHB Leonard Young 0-0: SOLO HOME RUN (Flyball, 9D), Distance : 380 ft
Batting: LHB Donnie Cunningham 0-0: Swinging Strike
0-1: Ball
1-1: Called Strike
1-2: Ball
2-2: Ball
3-2: Foul Ball, location: 2F
3-2: Ground out 6-3 (Groundball, 6)
Bottom of the 7th over - 2 run(s), 2 hit(s), 0 error(s), 0 left on base; Redwood City 1 - District 9 2
TOP OF THE 8TH
Redwood City Redwoods batting - Pitching for District 9 Prawns : RHP Clayton Hawkins
Now in RF: Leonard Harvey
Batting: RHB Steve Sampson 0-0: Ball
1-0: Called Strike
1-1: Called Strike
1-2: Ground out 5-3 (Groundball, 5)
Pitching: RHP Mike Stabler
Batting: LHB Marcos Pérez 0-0: Ball
1-0: Ball
2-0: Foul Ball, location: 2F
2-1: Ball
3-1: Foul Ball, location: 2F
3-2: Strikes out swinging
Batting: LHB Patrick Bright 0-0: Ball
1-0: Swinging Strike
1-1: Swinging Strike
1-2: Strikes out swinging
Top of the 8th over - 0 run(s), 0 hit(s), 0 error(s), 0 left on base; Redwood City 1 - District 9 2
BOTTOM OF THE 8TH
District 9 Prawns batting - Pitching for Redwood City Redwoods : RHP Nathan Seymour
Pitching: RHP Johnny Bryant
Batting: LHB Culley Vaughan 0-0: Ground out U3 (Groundball, 3)
Batting: RHB Phil Jacobs 0-0: Called Strike
0-1: Called Strike
0-2: Ball
1-2: Foul Ball, location: 2F
1-2: Ball
2-2: Foul Ball, location: 2F
2-2: Strikes out looking
Batting: SHB Félix Montoya 0-0: Ball
1-0: Called Strike
1-1: Swinging Strike
1-2: Fly out, F7 (Flyball, 78S)
Bottom of the 8th over - 0 run(s), 0 hit(s), 0 error(s), 0 left on base; Redwood City 1 - District 9 2
TOP OF THE 9TH
Redwood City Redwoods batting - Pitching for District 9 Prawns : RHP Mike Stabler
Pitching: RHP Ignacio Morales
Now at 1B: Reynold Akker
Now at 3B: Manuel Cardenas
Pinch Hitting: LHB Marcos Vázquez 0-0: Foul Ball, location: 2F
0-1: Foul Ball, location: 2F
0-2: Strikes out swinging
Batting: LHB Richard Olvera 0-0: Foul Ball, location: 2F
0-1: Ball
1-1: Called Strike
1-2: Strikes out looking
Batting: RHB Javier Ortíz 0-0: Called Strike
0-1: Swinging Strike
0-2: Foul Ball, location: 2F
0-2: Foul Ball, location: 2F
0-2: Ball
1-2: Ground out 6-3 (Groundball, 6)
Top of the 9th over - 0 run(s), 0 hit(s), 0 error(s), 0 left on base; Redwood City 1 - District 9 2
Tuesday, August 8th, 2017 - OOTP Baseball 17.12 Build 75